 Dungeon Crawl Stone Soup version 0.23.2-33-g5129a83184 (webtiles) character file.

Game seed: 17120953290279966009

29 Destapler the Charmwright (level 3, 24/24 HPs)
             Began as a Halfling Skald on Aug 2, 2019.
             Got out of the dungeon alive.
             The game lasted 00:04:34 (876 turns).

Destapler the Charmwright (Halfling Skald)           Turns: 876, Time: 00:04:35

Health: 24/24      AC:  4    Str: 12    XL:     3   Next: 32%
Magic:  5/5        EV: 13    Int: 11    God:
Gold:   29         SH:  0    Dex: 14    Spells: 4/5 levels left

rFire    . . .     SeeInvis .   a - +0 short sword
rCold    . . .     Gourm    .   (shield restricted)
rNeg     . . .     Faith    .   f - -1 ring mail (curse)
rPois    .         Spirit   .   (no helmet)
rElec    .         Reflect  .   (no cloak)
rCorr    .         Harm     .   (no gloves)
MR       .....                  (no boots)
Stlth    +.........             (no amulet)
HPRegen  0.08/turn              (no ring)
MPRegen  0.09/turn              (no ring)

@: no status effects
A: small, mutation resistance 1
a: no special abilities


You escaped.
You were not hungry.

You visited 1 branch of the dungeon, and saw 1 of its levels.

You collected 29 gold pieces.

Inventory:

Hand Weapons
 a - a +0 short sword (weapon)
Missiles
 e - 5 stones (quivered)
Armour
 b - a +0 leather armour
 f - a cursed -1 ring mail (worn)
Scrolls
 g - a scroll of teleportation {unknown}
Potions
 h - a potion of flight {unknown}
Comestibles
 c - 3 chunks of flesh
 d - 3 rations


   Skills:
 + Level 2.0 Fighting
 + Level 2.6 Short Blades
 + Level 1.2 Armour
 + Level 2.4 Dodging
 + Level 1.7 Spellcasting
 + Level 4.1 Charms


You had 4 spell levels left.
You knew the following spells:

 Your Spells              Type           Power        Failure   Level  Hunger
a - Infusion              Chrm           #...         13%         1    ##.....

Your spell library contained the following spells:

 Spells                   Type           Power        Failure   Level  Hunger
 Song of Slaying          Chrm           #.......     19%         2    ###....
 Shroud of Golubria       Chrm/Tloc      #.........   41%         2    ###....
 Regeneration             Chrm/Necr      #.........   65%         3    ####...
 Spectral Weapon          Hex/Chrm       #.......     65%         3    ####...


Dungeon Overview and Level Annotations

Branches:
Dungeon (1/15)

Altars:


Innate Abilities, Weirdness & Mutations

You are small and have problems with some larger weapons.
You are somewhat resistant to further mutation.


Message History

No target in view!
No target in view!
No target in view!
No target in view!
No target in view!
No target in view!
Things that are here:
a +0 club; a hobgoblin corpse
(D) Dungeon
Where to? (? - help)
Okay, then.
You can't go up here!
You can't go up here!
Unknown command.
Some of the chunks of flesh in your inventory have rotted away.
You see here a +0 club.
You see here a +0 club.
There is a staircase leading out of the dungeon here.
Are you sure you want to leave the Dungeon?
This will make you lose the game!
You have escaped!

################ ##
#..............# ######.
#..............# #......
#..########..#.# #.####.
###..## #.....## #.# ##
#.....#####.8....## #.#
#.....##§§≈.......## #.#
####.....##§§≈≈.......## #.#
#....#+####>§§≈.@8..8..# #.#
#.##.#.####≈≈≈≈........# #.# #
#......##≈≈≈.......#.####.#####
#..#.#.#####.8.................
#..#+#.## #.......##.###......
#.......#######...###.#..######
#.........# ##### #.#..# ##
#..)......# #.#..#####8
#.........# #.#..#...##


There were no monsters in sight!

Vanquished Creatures
  A dart slug (D:1)
  4 bats (D:1)
  3 giant cockroaches (D:1)
  3 goblins (D:1)
  5 hobgoblins (D:1)
  A ball python (D:1)
  2 frilled lizards (D:1)
  3 kobolds (D:1)
  3 rats (D:1)
25 creatures vanquished.

Notes
Turn   | Place    | Note
-------+----------+-------------------------------------------
     0 | D:1      | Destapler the Halfling Skald began the quest for the Orb.
     0 | D:1      | Reached XP level 1. HP: 14/14 MP: 3/3
    69 | D:1      | Reached XP level 2. HP: 13/19 MP: 4/4
   295 | D:1      | Reached skill level 4 in Charms
   326 | D:1      | Reached XP level 3. HP: 19/24 MP: 5/5
   876 | D:$      | Got out of the dungeon alive.

Skill      XL: |  1  2  3 |
---------------+----------+-----
Charms         | 4 |  4.1
Fighting       | 2 |  2.0
Short Blades   | |  2.6
Armour         | |  1.2
Dodging        | |  2.4
Spellcasting   | |  1.7

Action                   || total
-------------------------++-------
Melee: Short sword       ||   100
 Cast: Infusion          ||     2
  Use: Scroll            ||     2
Armor: Leather armour    ||    26
       Ring mail         ||     4
Dodge: Dodged            ||   106
